 Dungeon Crawl Stone Soup version 0.30.0-29-ga12c61a403 (webtiles) character file.

Game seed: 10489547411090247583

1414 Jannitor the Sneak (level 9, 0/52 HPs)
             Began as a Kobold Enchanter on June 6, 2023.
             Was an Initiate of Ashenzari.
             Slain by a water moccasin (3 damage)
             ... on level 6 of the Dungeon.
             The game lasted 00:12:52 (6569 turns).

Jannitor the Sneak (Kobold Enchanter)               Turns: 6569, Time: 00:12:53

Health: 0/52       AC:  4    Str: 10    XL:     9   Next: 2%
Magic:  10/16      EV: 16    Int: 26    God:    Ashenzari [......]
Gold:   357        SH:  0    Dex: 15    Spells: 8/18 levels left

rFire   + . .        c - +2 dagger (speed)
rCold   + . .        (no shield)
rNeg    . . .        z - +1 leather armour "Alyac" {rF+ rC+ Str+4}
rPois   .            (no helmet)
rElec   .            (no cloak)
rCorr   .            (no gloves)
SInv    .            (no boots)
Will    .....        d - amulet "At What Cost Knowledge?" {Regen+, Melee, Self} (curse)
Stlth   ++++         j - +6 ring of intelligence
HPRegen 1.08/turn    (no ring)
MPRegen 0.15/turn

%: no passive effects
@: about to teleport
A: small, no large weapons, nightstalker 3
a: Renounce Religion, Curse Item, Shatter the Chains


You were on level 6 of the Dungeon.
You worshipped Ashenzari.
Ashenzari was noncommittal.
You visited 2 branches of the dungeon, and saw 8 of its levels.

You collected 357 gold pieces.

Inventory:

Hand Weapons
 a - a +1 dagger
 c - a +2 dagger of speed (weapon)
Missiles
 o - 2 poisoned darts (quivered)
Armour
 b - a +0 robe
 z - the +1 leather armour "Alyac" (worn) {rF+ rC+ Str+4}
   (You took it off a goblin on level 3 of the Dungeon)

   Str:       It affects your strength (+4).
   rF:        It protects you from fire.
   rC:        It protects you from cold.
Jewellery
 d - the cursed amulet "At What Cost Knowledge?" (around neck) {Regen+, Melee, Self}
   (You found it on level 1 of the Dungeon)

   [amulet of regeneration]

   Regen:     It increases your rate of health regeneration.
   It has a curse which improves the following skills: Melee Combat: Short
   Blades, Long Blades, Axes, Maces & Flails, Polearms, Staves and Unarmed
   Combat.
   Introspection: Fighting and Spellcasting.
 j - a +6 ring of intelligence (left hand)
 s - a ring of wizardry
 x - an amulet of guardian spirit
Wands
 k - a wand of charming (9)
 t - a wand of roots (7)
 B - a wand of digging (6)
 C - a wand of polymorph (13)
Scrolls
 f - a scroll of blinking {unknown}
 i - a scroll of magic mapping
 u - a scroll of identify
 v - a scroll of brand weapon {unknown}
 y - a scroll of enchant armour {unknown}
 A - a scroll of fog {unknown}
Potions
 e - 2 potions of lignification
 h - 3 potions of resistance
 l - a potion of mutation
 m - 2 potions of flight
 w - a potion of brilliance


   Skills:
 + Level 4.3(4.7) Fighting
 + Level 5.5(5.9) Short Blades
 + Level 5.7 Dodging
 + Level 7.3 Stealth
 + Level 4.7(5.1) Spellcasting
 + Level 5.1 Hexes


You had 8 spell levels left.
You knew the following spells:

 Your Spells              Type           Power      Damage    Failure   Level
a - Ensorcelled Hibernat  Hex/Ice        38%        N/A       5%          2
b - Confusing Touch       Hex            33%        N/A       3%          3
c - Tukima's Dance        Hex            33%        N/A       3%          3
d - Blink                 Tloc           12%        N/A       16%         2

Your spell library contained the following spells:

 Spells                   Type           Power      Damage    Failure   Level
 Dazzling Flash           Conj/Hex       38%        N/A       11%         3
 Cigotuvi's Dreadful Rot  Necr/Pois/Air  12%        N/A       16%         2
 Dispel Undead            Necr           6%         3d8       71%         4
 Manifold Assault         Tloc           6%         N/A       71%         4
 Death Channel            Necr           3%         N/A       100%        6
 Storm Form               Tmut/Air       3%         N/A       100%        7


Dungeon Overview and Level Annotations

Branches:
Dungeon (7/15)             Temple (1/1) D:4

Altars:
Ashenzari
Cheibriados
Dithmenos
Elyvilon
Fedhas
Gozag
Hepliaklqana
Kikubaaqudgha
Makhleb
Nemelex Xobeh
Okawaru
Qazlal
Ru
Sif Muna
Trog
Uskayaw
Vehumet
Wu Jian
Xom
Yredelemnul
Zin
The Shining One

Annotations:
D:3 2 transporters, Natasha; purpleHaze's ghost, amateur HuHu
D:4 1 runed translucent door, exclusions: ogre and player ghost, CaptainMV's ghost, amateur DrWn
D:5 exclusion: 2 ogres
D:6 Maggie


Innate Abilities, Weirdness & Mutations

You are small and have problems with some larger weapons.
You are completely attuned to the shadows.


Message History

You hear an angry hiss.
A water moccasin comes into view.
The centaur shoots an arrow.
The arrow hits you.
Maggie mumbles some strange words.
Maggie attempts to bespell you!
You are mesmerised by Maggie!
There is an escape hatch in the ceiling here.
You cannot move away from Maggie!
Your magical effects are unravelling.
You feel magically purged.
You break out of your daze.
The centaur shoots an arrow.
The arrow closely misses you. Maggie misses you.
The centaur shoots an arrow.
The arrow closely misses you.
The water moccasin bites you but does no damage.
The centaur shoots an arrow.
The arrow hits you!
Maggie mumbles the words to a spell, but in the wrong order.
Maggie hits you with a +2 glaive of flaming.
Maggie burns you. The water moccasin misses you.
A mysterious force pulls you upwards. The hatch slams shut behind you.
Unknown command.
Casting: Ensorcelled Hibernation (safe; 5% risk of failure)
Confirm with . or Enter, or press ? or * to list all spells.
Your hands begin to glow red.
The water moccasin bites you but does no damage.
Maggie completely misses you.
As you read the scroll of teleportation, it crumbles to dust.
You feel strangely unstable.
The water moccasin bites you but does no damage.
Maggie hits you with a +2 glaive of flaming!
Maggie burns you. The water moccasin closely misses you.
You closely miss Maggie.
Maggie is lightly wounded.
You hit Maggie but do no damage.
Maggie appears confused.
Maggie is lightly wounded.
Maggie hits you with a +2 glaive of flaming!
* * * LOW HITPOINT WARNING * * *
Maggie burns you.
* * * LOW HITPOINT WARNING * * *
The water moccasin bites you.
You die...

#(# ##.## ##.##.####### #.# #..
#.# #..###.###.# #.# #.. #.##
#.#.#.## #.# #.# #.. ...##
#.#..## ### #.# ### ....# #.#.##
### ....# #.>.# ♣♣♣ ####
###.#####.♣♣ ♣♣♣.♣♣♣ ♣♣..###
#.##.....♣♣ ♣♣@....♣♣ ♣♣.....##
###.#.......♣♣♣.@.....♣♣♣.......#
..#....≈~≈...♣...S~≈...♣...≈~≈...
#)#...≈≈~≈≈.....≈≈~≈≈.....≈≈~≈≈..
#.#...~~♣~[.....~~_~~.....~~♣~~..
#.#...≈≈~≈≈.....≈≈~≈≈.....≈≈~≈≈..
#.#....≈~≈...♣...≈~≈...♣...≈~≈...
#.#.........♣♣♣.......♣♣♣.......#
#..........♣♣ ♣♣.....♣♣ ♣♣.....##
#..#######♣♣ ♣♣♣.♣♣♣ ♣♣..####


You could see Maggie (confused) and a water moccasin.

Vanquished Creatures
  Grinder (D:3)
  Sigmund (D:3)
  An orc warrior (D:6)
  An ice beast (D:5)
  An ogre (D:5)
  A phantom (D:6)
  A scorpion (D:5)
  A jelly (D:6)
  3 hounds
  2 sleepcaps (D:5)
  Jessica (D:3)
  Ijyb (D:3)
  5 iguanas
  Natasha (D:3)
  An adder (D:5)
  3 gnolls (D:4)
  A shadow imp (D:5)
  An ufetubus (D:5)
  3 worms
  2 dart slugs
  8 orcs
  7 ball pythons
  4 bats
  4 endoplasms (D:4)
  7 giant cockroaches
  10 goblins
  8 hobgoblins
  7 jackals
  4 quokkas
  A frilled lizard (D:1)
  8 kobolds
  9 rats
109 creatures vanquished.

Vanquished Creatures (collateral kills)
  Blork the orc (D:4)
  A scorpion (D:4)
2 creatures vanquished.

Grand Total: 111 creatures vanquished

Notes
Turn   | Place    | Note
-------+----------+-------------------------------------------
     0 | D:1      | Jannitor the Kobold Enchanter began the quest for the Orb.
     0 | D:1      | Reached XP level 1. HP: 10/10 MP: 3/3
   210 | D:1      | Reached XP level 2. HP: 8/15 MP: 5/5
   510 | D:1      | Learned a level 2 spell: Ensorcelled Hibernation
   965 | D:1      | Reached XP level 3. HP: 20/20 MP: 6/6
  1524 | D:2      | Found a faded altar of an unknown god.
  1562 | D:2      | Reached skill level 1 in Fighting
  1762 | D:1      | Reached XP level 4. HP: 23/25 MP: 7/7
  1940 | D:3      | Noticed Sigmund
  1994 | D:3      | Noticed Ijyb
  2447 | D:3      | Noticed Grinder
  2449 | D:3      | Paralysed by Grinder for 5 turns
  2456 | D:3      | Noticed Jessica
  2469 | D:3      | Found a transporter.
  2469 | D:3      | Found a transporter.
  2471 | D:3      | Noticed Natasha
  2483 | D:3      | Paralysed by Grinder for 5 turns
  2492 | D:3      | Killed Jessica
  2557 | D:4      | Reached XP level 5. HP: 29/29 MP: 9/9
  2597 | D:4      | Reached skill level 5 in Stealth
  2706 | D:4      | Noticed Blork the orc
  2716 | D:4      | Learned a level 3 spell: Confusing Touch
  2720 | D:4      | Learned a level 3 spell: Tukima's Dance
  2723 | D:4      | Learned a level 2 spell: Blink
  2728 | D:4      | Found a staircase to the Ecumenical Temple.
  2743 | D:4      | Reached XP level 6. HP: 29/35 MP: 1/10
  2751 | D:4      | Killed Blork the orc
  2797 | Temple   | Entered the Ecumenical Temple
  2927 | Temple   | Became a worshipper of Ashenzari the Shackled
  3074 | D:4      | Found a runed translucent door.
  3130 | D:4      | Found a snail-covered altar of Cheibriados.
  3326 | D:4      | Noticed an ogre
  3594 | D:4      | Found a basalt altar of Yredelemnul.
  3646 | D:4      | Found a runed translucent door.
  3886 | D:5      | Entered Level 5 of the Dungeon
  3959 | D:5      | Noticed an ice beast
  3963 | D:5      | Reached XP level 7. HP: 40/40 MP: 12/12
  4236 | D:5      | Reached skill level 6 in Stealth
  4720 | D:5      | Found an ornate altar of the Wu Jian Council.
  4797 | D:6      | Reached XP level 8. HP: 48/48 MP: 10/14
  4841 | D:6      | Found a white marble altar of Elyvilon.
  5121 | D:6      | Reached skill level 5 in Dodging
  5940 | D:3      | Identified the +1 leather armour "Alyac" {rF+ rC+ Str+4}
  5958 | D:3      | Noticed purpleHaze's ghost (amateur HuHu)
  5980 | D:3      | Killed Ijyb
  5981 | D:3      | Reached skill level 5 in Short Blades
  6012 | D:3      | Killed Grinder
  6013 | D:3      | Reached skill level 7 in Stealth
  6105 | D:3      | Killed Natasha
  6232 | D:3      | Noticed Natasha
  6321 | D:3      | Killed Sigmund
  6322 | D:3      | Reached skill level 5 in Hexes
  6322 | D:3      | Reached XP level 9. HP: 8/52 MP: 13/16
  6424 | D:3      | Found a shadowy altar of Dithmenos.
  6486 | D:4      | Noticed CaptainMV's ghost (amateur DrWn)
  6557 | D:7      | Noticed Maggie
  6569 | D:6      | Slain by a water moccasin

Illustrated notes

Levels and vault maps discovered:
D:1:      lightli_arrival_quake, layout_basic, minmay_statues_item,
          minmay_tetromino_s2
D:2:      layout_rooms, basic_ecumenical_altar, chequers_serial_rivers_micro_c,
          minmay_worlds_worst_comb
D:3:      layout_basic, mainiacjoe_overflow_alcove_2, gammafunk_ghost_mausoleum,
          hex_large, dreamdust_wishing_well, minmay_close_crescents,
          uniq_natasha, uniq_grinder, uniq_jessica, uniq_sigmund, uniq_ijyb
D:4:      layout_loops_ring, mainiacjoe_overflow_large_starburst,
          minmay_temple_entry_statues_fountains, ebering_ghost_sewer_f,
          minivault_11, uniq_blork_the_orc, uniq_crazy_yiuf_cottage
D:5:      layout_loops_cross, nzn_wu_jian_council_hall, chequers_garden
D:6:      layout_loops_ring, elyvilon_altar_3, chequers_serial_rivers_micro_d,
          kennysheep_cross_bottleneck
D:7:      black_bear_nest_2, layout_cave_pools, serial_shops,
          nicolae_diamond_shop, uniq_pikel, uniq_maggie
Temple:   minmay_temple_bridge_d

Skill      XL: |  1  2  3  4  5  6  7  8 |
---------------+-------------------------+-----
Short Blades   | 2 3 4 5 |  5.5
Fighting       | 1 2 3 4 |  4.3
Dodging        | 3 4 5 |  5.7
Stealth        | 5 6 7 |  7.3
Spellcasting   | 3 4 |  4.7
Hexes          | 4 5 |  5.1

Action                     |  1- 3 |  4- 6 |  7- 9 || total
---------------------------+-------+-------+-------++-------
  Melee: Dagger            |   118 |   133 |   166 ||   417
         Punch             |     2 |       |     4 ||     6
   Cast: Ensorcelled Hiber |       |    16 |    18 ||    34
         Tukima's Dance    |       |     1 |       ||     1
         Confusing Touch   |       |       |     8 ||     8
 Invoke: Curse Item        |       |       |     1 ||     1
    Use: Scroll            |       |    11 |     1 ||    12
         Potion            |       |     7 |     5 ||    12
   Stab: Sleeping          |    18 |    19 |    15 ||    52
         Invisible         |       |     2 |       ||     2
         Confused          |       |       |     6 ||     6
         Distracted        |       |       |     1 ||     1
 Armour: Robe              |    17 |     7 |     4 ||    28
         Leather armour    |       |       |     6 ||     6
  Dodge: Dodged            |   119 |    55 |    78 ||   252
